 Dungeon Crawl Stone Soup version 0.25-a0-62-g88673ef095 (webtiles) character file.

Game seed: 10421624594334566397, levelgen mode: deterministic

2570 iamserjio the Nimble (level 9, -3/67 HPs)
             Began as an Octopode Abyssal Knight on Oct 31, 2019.
             Was a Priest of Lugonu.
             Slain by a sky beast (5 damage)
             ... on level 8 of the Dungeon.
             The game lasted 00:08:27 (8516 turns).

iamserjio the Nimble (Octopode Abyssal Knight)      Turns: 8516, Time: 00:08:28

Health: -3/67      AC:  1    Str: 12    XL:     9   Next: 57%
Magic:  10/10      EV: 19    Int: 17    God:    Lugonu [***...]
Gold:   159        SH:  5    Dex: 14    Spells: 8/8 levels left

rFire    . . .     SeeInvis .   a - +1 spear
rCold    + . .     Gourm    .   e - +0 buckler
rNeg     + . .     Faith    .   (helmet restricted)
rPois    .         Spirit   .   (no amulet)
rElec    .         Reflect  .   K - ring of positive energy
rCorr    .         Harm     .   u - +3 ring of intelligence
MR       +....                  x - ring of protection from cold
Stlth    ++........             I - ring of protection from magic
HPRegen  0.21/turn              M - ring of flight
MPRegen  0.12/turn              (no ring)
                                (no ring)
                                (no ring)

@: no status effects
A: almost no armour, stealthy swim, amphibious, 8 rings, constrict 8, camouflage
1, gelatinous body 1
a: Depart the Abyss, Bend Space, Banish, Renounce Religion, Evoke Flight


You were on level 8 of the Dungeon.
You worshipped Lugonu.
Lugonu was most pleased with you.
You were not hungry.

You visited 1 branch of the dungeon, and saw 8 of its levels.
You visited the Abyss 1 time.

You collected 357 gold pieces.
You spent 198 gold pieces at shops.

Inventory:

Hand Weapons
 a - a +1 spear (weapon)
 r - a +0 whip of electrocution
Armour
 e - a +0 buckler (worn)
 D - a +0 hat
Magical Staves
 C - an uncursed staff of conjuration {unknown}
Jewellery
 u - a +3 ring of intelligence (right tentacle)
 x - a ring of protection from cold (on tentacle)
 I - a ring of protection from magic (on tentacle)
 K - a ring of positive energy (left tentacle)
 L - a cursed amulet of inaccuracy {unknown}
 M - a ring of flight (on tentacle)
Wands
 t - a wand of flame (7)
 y - a wand of iceblast (6)
 J - a wand of disintegration (1)
Scrolls
 g - 3 scrolls of teleportation {@r3}
 j - a scroll of remove curse {@r2}
 k - a scroll of enchant armour {unknown}
 l - 2 scrolls of amnesia
 m - 2 scrolls of fog {unknown}
 s - a scroll of blinking {unknown}
 v - 3 scrolls of identify {unknown}
 w - 2 scrolls of enchant weapon {unknown}
 B - a scroll of magic mapping {unknown}
 H - a scroll of vulnerability {unknown}
Potions
 c - 2 potions of lignification {unknown}
 d - a potion of agility
 f - 3 potions of ambrosia {unknown}
 h - a potion of resistance {unknown}
 i - 3 potions of haste {unknown}
 n - 4 potions of might {unknown}
 o - a potion of degeneration {unknown}
 p - a potion of brilliance {unknown}
 q - a potion of mutation {unknown}
 A - 3 potions of curing {unknown}
 E - a potion of cancellation {unknown}
 F - a potion of berserk rage {unknown}
 N - a potion of invisibility
Comestibles
 b - 9 rations


   Skills:
 * Level 8.4 Fighting
 - Level 2.0 Polearms
 * Level 9.4 Dodging
 - Level 4.1 Shields
 - Level 2.0 Invocations
 * Level 0.0 Evocations


You had 8 spell levels left.
You didn't know any spells.
Your spell library contained the following spells:

 Spells                   Type           Power        Failure   Level  Hunger
 Corona                   Hex            #......      24%         1    ##.....
 Shock                    Conj/Air       #...         24%         1    ##.....
 Ensorcelled Hibernation  Hex/Ice        #.....       34%         2    ###....
 Swiftness                Chrm/Air       #.......     34%         2    ###....
 Confuse                  Hex            #.......     56%         3    ####...
 Dazzling Spray           Conj/Hex       #.....       56%         3    ####...
 Static Discharge         Conj/Air       #.......     56%         3    ####...
 Tukima's Dance           Hex            #.......     56%         3    ####...
 Airstrike                Air            #.........   93%         4    #####..
 Lightning Bolt           Conj/Air       #.........   100%        5    ######.


Dungeon Overview and Level Annotations

Branches:
Dungeon (8/15)             Temple (0/1) D:4
   Lair: D:8-11

Altars:
Ashenzari
Cheibriados
Fedhas
Kikubaaqudgha
Nemelex Xobeh
Okawaru
Sif Muna
Trog
Uskayaw
Vehumet
Wu Jian
Xom

Shops:
D:4 *


Innate Abilities, Weirdness & Mutations

You cannot wear most types of armour.
You are very stealthy in the water. (Stealth+)
You are amphibious.
You can wear up to eight rings at the same time.
You can use your tentacles to constrict eight enemies at once.
Your skin changes colour to match your surroundings (Stealth+).
Your rubbery body absorbs attacks. (AC +1, EV +1)


Message History

Aim: a sky beast (almost dead, chance to defeat MR: 65%)
The sky beast struggles to resist.
The sky beast flickers out of sight!
Deactivating autopickup; reactivate with Ctrl-A.
Something hits you.
* * * LOW HITPOINT WARNING * * *
Something shocks you.
* * * LOW HITPOINT WARNING * * *
Aiming: Disintegrate That would be overly suicidal.
Okay, then.
Unknown command.
Okay, then.
Something hits you.
* * * LOW HITPOINT WARNING * * *
Something shocks you.
* * * LOW HITPOINT WARNING * * *
Aiming: Disintegrate Nothing appears to happen.
Something barely misses you.
You start resting.
Something hits you.
You die...

..........#
..........#
......†...####
#.........(..#
###############.#
#.............#.#
#.##########.##.#
#.# #######.##.#
#.# #...@...##≈#
#.# #.########.#
#.# #.# #.# #.#
#.# #.# #.# #.#
#.# #.#
#.########.# #.#
#..........# #†#
##########.# #.#
###


There were no monsters in sight!

Vanquished Creatures
  Pikel (D:5)
  A hippogriff (D:7)
  2 humans (D:7)
  A hungry ghost (D:8)
  Menkaure (D:7)
  A water moccasin (D:7)
  2 slaves (D:5)
  A black bear (D:6)
  An ice beast (D:6)
  A big kobold (D:7)
  3 bullfrogs
  2 scorpions
  A howler monkey (D:6)
  3 bullfrog skeletons
  3 hounds
  3 orc priests (D:4)
  2 orc wizards (D:4)
  Jessica (D:2)
  2 iguanas
  3 worker ants
  9 adders
  7 gnolls (D:6)
  A shadow imp (D:6)
  An ooze (D:1)
  2 adder skeletons
  2 worms
  2 dart slugs
  5 leopard geckos
  9 orcs
  7 bats
  5 giant cockroaches
  10 goblins
  4 hobgoblins
  9 jackals
  5 quokkas
  4 frilled lizards
  11 kobolds
  A quokka skeleton (D:4)
  A quokka zombie (D:7)
  6 rats
136 creatures vanquished.

Vanquished Creatures (others)
  An adder (D:5)
1 creature vanquished.

Grand Total: 137 creatures vanquished

Notes
Turn   | Place    | Note
-------+----------+-------------------------------------------
     0 | Abyss:1  | iamserjio the Octopode Abyssal Knight began the quest for
                  | the Orb.
     0 | Abyss:1  | Reached XP level 1. HP: 16/16 MP: 2/2
    10 | D:1      | Escaped the Abyss
   126 | D:1      | Reached XP level 2. HP: 20/21 MP: 3/3
   236 | D:1      | Reached skill level 3 in Dodging
   378 | D:1      | Reached XP level 3. HP: 18/26 MP: 4/4
   515 | D:1      | Reached ** piety under Lugonu
  1029 | D:2      | Reached skill level 1 in Shields
  1754 | D:2      | Reached XP level 4. HP: 31/31 MP: 5/5
  1930 | D:2      | Found a bloodstained altar of Trog.
  2184 | D:2      | Noticed Jessica
  2204 | D:2      | Killed Jessica
  2204 | D:2      | Reached skill level 4 in Dodging
  2489 | D:3      | Reached XP level 5. HP: 34/37 MP: 6/6
  2996 | D:3      | Found a shimmering altar of Xom.
  3018 | D:3      | Found a faded altar of an unknown god.
  3567 | D:4      | Found a staircase to the Ecumenical Temple.
  3731 | D:4      | Found a blossoming altar of Fedhas.
  3752 | D:4      | Found Ytalaq's Mayhem Merchandise.
  3754 | D:4      | Bought a wand of iceblast (5) for 99 gold pieces
  3754 | D:4      | Bought a wand of iceblast (5) for 99 gold pieces
  3828 | D:4      | Reached XP level 6. HP: 21/43 MP: 7/7
  4136 | D:4      | Reached skill level 5 in Dodging
  4273 | D:4      | Reached *** piety under Lugonu
  4663 | D:5      | Entered Level 5 of the Dungeon
  4701 | D:5      | Noticed a slave
  4703 | D:5      | Noticed a slave
  4719 | D:5      | Killed a slave
  4727 | D:5      | Killed a slave
  4761 | D:5      | Noticed Pikel
  4793 | D:5      | Killed Pikel
  4793 | D:5      | Reached skill level 5 in Fighting
  4793 | D:5      | Reached skill level 6 in Dodging
  4793 | D:5      | Reached XP level 7. HP: 25/50 MP: 8/8
  4793 | D:5      | Reached XP level 8. HP: 27/55 MP: 9/9
  5136 | D:5      | Found a radiant altar of Vehumet.
  5241 | D:5      | Found an ancient bone altar of Kikubaaqudgha.
  5878 | D:6      | Found a shimmering altar of Xom.
  5898 | D:6      | Reached skill level 7 in Dodging
  6279 | D:6      | Found a sparkling altar of Nemelex Xobeh.
  6303 | D:6      | Found an ornate altar of the Wu Jian Council.
  6349 | D:6      | Found a hide-covered altar of Uskayaw.
  6349 | D:6      | Found a snail-covered altar of Cheibriados.
  6409 | D:6      | Found an iron altar of Okawaru.
  6942 | D:6      | Found a shimmering altar of Xom.
  6953 | D:6      | Found a hide-covered altar of Uskayaw.
  6954 | D:6      | Found a snail-covered altar of Cheibriados.
  7050 | D:6      | Found a sparkling altar of Nemelex Xobeh.
  7133 | D:6      | Found an iron altar of Okawaru.
  7168 | D:6      | Found an ornate altar of the Wu Jian Council.
  7269 | D:7      | Noticed Menkaure
  7284 | D:7      | Reached skill level 8 in Dodging
  7294 | D:7      | Killed Menkaure
  7294 | D:7      | Reached XP level 9. HP: 27/64 MP: 10/10
  7516 | D:7      | Found an iron altar of Okawaru.
  7900 | D:7      | Reached skill level 9 in Dodging
  8161 | D:7      | Found a shimmering blue altar of Sif Muna.
  8285 | D:7      | Found a shattered altar of Ashenzari.
  8513 | D:8      | HP: 2/67 [something (5)]
  8516 | D:8      | Slain by a sky beast

Levels and vault maps discovered:
D:1:      dpeg_arrival_three_bigger_balls, layout_basic, chequers_mini_garden,
          minmay_tromino_v2
D:2:      layout_basic, bloody_trog, uniq_jessica
D:3:      layout_basic, overflow_temple_1_default,
          chequers_ecumenical_altar_grove, first_ration
D:4:      layout_basic, lemuel_crystal_altar, minmay_temple_entry_hall,
          minmay_shop_mayhem, grunt_decor_mini_mirrors
D:5:      layout_basic, kiku_gazebo_pond_becter, old_standard_altar, uniq_pikel
D:6:      layout_cave_pools, lemuel_round_altar,
          nemelex_xobeh_ov_fountains_minmay, gammafunk_temple_overflow_wave,
          kennysheep_mini, basic_altar
D:7:      layout_basic, led_sif_pool, cheibrodos_ashenzari_chains,
          okawaru_humans, uniq_menkaure
D:8:      cheibrodos_helix_gallery, layout_basic,
          nicolae_overflow_hidden_temple, blue_anna_alchemist
          [blue_anna_fruit_fields, blue_anna_fruit_fields],
          nicolae_ru_the_path_less_chosen, uniq_grum

Skill      XL: |  1  2  3  4  5  6  7  8  9 |
---------------+----------------------------+-----
Dodging        | 3 4 6 8 9 |  9.4
Shields        | 1 2 4 |  4.1
Fighting       | 4 5 7 8 |  8.4
Polearms       | |  2.0
Invocations    | |  2.0

Action                   |  1- 3 |  4- 6 |  7- 9 || total
-------------------------+-------+-------+-------++-------
Melee: Spear             |    92 |   154 |     9 ||   255
       Constrict         |    17 |    34 |    34 ||    85
       Tentacles         |    11 |    35 |    32 ||    78
       Whip              |       |       |   150 ||   150
Evoke: Wand              |       |     7 |    16 ||    23
  Use: Potion            |     1 |       |       ||     1
       Scroll            |       |     3 |     2 ||     5
 Stab: Sleeping          |     8 |    11 |     1 ||    20
       Paralysed         |       |    10 |     4 ||    14
  Eat: Chunk             |     1 |     8 |     7 ||    16
       Ration            |       |     1 |     2 ||     3
Armor: Skin              |     3 |     2 |    11 ||    16
Dodge: Dodged            |    40 |    50 |   126 ||   216
Block: Buckler           |     8 |    13 |    32 ||    53

Table legend:
 A = Non-vault XP
 B = Vault XP
 C = Vault XP percentage of total XP
 D = Non-vault monster count
 E = Vault monster count
 F = Vault count percentage of total count
                 A         B        C        D         E       F
            +---------+---------+-------+---------+---------+-------
      Total |    2425 |    1247 |  34.0 |     127 |       7 |   5.2
            +---------+---------+-------+---------+---------+-------
        D:1 |      46 |       3 |   6.1 |      22 |       2 |   8.3
        D:2 |      67 |      37 |  35.6 |      20 |       1 |   4.8
        D:3 |      67 |       0 |   0.0 |      16 |       0 |   0.0
        D:4 |     366 |       0 |   0.0 |      24 |       0 |   0.0
        D:5 |     110 |     641 |  85.4 |       5 |       1 |  16.7
        D:6 |     692 |       0 |   0.0 |      17 |       0 |   0.0
        D:7 |     815 |     566 |  41.0 |      20 |       3 |  13.0
        D:8 |     262 |       0 |   0.0 |       3 |       0 |   0.0
            +---------+---------+-------+---------+---------+-------
